 Dungeon Crawl Stone Soup version bcrawl-1.12-10-g10a67aac0f (webtiles) character file.

Game seed: 17359632963950848703

84 Gumption the Sneak (level 4, -5/30 HPs)
             Began as a Dusk Walker Archaeologist on June 12, 2019.
             Slain by Ijyb
             ... wielding a +0 dagger of electrocution
              (20 damage)
             ... on level 3 of the Dungeon.
             The game lasted 00:12:27 (2360 turns).

Gumption the Sneak (Dusk Walker Archaeologist)      Turns: 2360, Time: 00:12:28

Health: -5/30      AC: 10    Str: 12    XL:     4   Next: 24%
Magic:  4/4        EV: 11    Int: 15    God:
Gold:   114        SH:  0    Dex: 11    Spells: 3/3 levels left

rFire    . . .     SeeInvis .   a - +0 dagger
rCold    . . .     Gourm    .   (no shield)
rNeg     . . .     Faith    .   x - +0 ring mail
rPois    .         Spirit   .   b - +1 hat
rElec    .         Reflect  .   (no cloak)
rCorr    .         Harm     .   d - +1 pair of gloves
MR       .....                  c - +1 pair of boots
Stlth    ++++......             (no amulet)
HPRegen  0.10/turn              (no ring)
MPRegen  0.09/turn              (no ring)

@: studying Armour
A: draining touch, unencumbered stealth, fangs 2, nightstalker 1
a: no special abilities


You were on level 3 of the Dungeon.
You were not hungry.

You visited 1 branch of the dungeon, and saw 3 of its levels.

You collected 114 gold pieces.

Inventory:

Hand Weapons
 a - a +0 dagger (weapon)
 k - a cursed -1 whip
 p - a +0 mace of protection
Missiles
 i - 787 stones (quivered)
Armour
 b - a +1 hat (worn)
 c - a +1 pair of boots (worn)
 d - a +1 pair of gloves (worn)
 x - a +0 ring mail (worn)
Jewellery
 u - a +3 ring of evasion {unknown}
Scrolls
 r - a scroll of fear
 s - a scroll of teleportation {unknown}
 v - a scroll of identify {unknown}
 w - a scroll of enchant armour {unknown}
Potions
 h - a potion of haste {unknown}
 l - 2 potions of agility {unknown}
 m - a potion of heal wounds {unknown}
 o - a potion of brilliance {unknown}
 q - a potion of curing {unknown}
Books
 g - a manual of Armour
Miscellaneous
 f - an ancient crate
Comestibles
 e - 2 rations {!d}
 j - a chunk of flesh


   Skills:
 + Level 2.6 Fighting
 * Level 2.8 Armour
 - Level 3.0 Dodging
 + Level 6.3 Stealth


You had 3 spell levels left.
You didn't know any spells.
Your spell library contained the following spells:

 Spells                   Type           Power        Failure   Level  Hunger
 Corona                   Hex            #......      52%         1    ##.....
 Ensorcelled Hibernation  Hex/Ice        #.....       65%         2    ###....
 Confuse                  Hex            #.......     87%         3    ####...
 Dazzling Spray           Conj/Hex       #.....       87%         3    ####...
 Tukima's Dance           Hex            #.......     87%         3    ####...


Dungeon Overview and Level Annotations

Branches:
Dungeon (3/12)

Altars:
Makhleb
Uskayaw
Wu Jian

Annotations:
D:2 Sigmund
D:3 Ijyb


Innate Abilities, Weirdness & Mutations

Your attacks drain your enemies.
You move stealthily even while encumbered by armour.
You have extremely sharp teeth.
You are slightly more attuned to the shadows.


Message History

You hit Ijyb but do no damage. You drain Ijyb.
Ijyb is moderately wounded.
Ijyb hits you but does no damage.
You are electrocuted!
The jackal bites you but does no damage. x2
The ooze hits you but does no damage.
You closely miss Ijyb.
Ijyb is moderately wounded.
The jackal closely misses you. The jackal misses you. Ijyb barely misses you.
The jackal barely misses you. The ooze closely misses you.
The jackal bites you but does no damage.
You hit Ijyb but do no damage. You drain Ijyb.
Ijyb is heavily wounded.
Ijyb barely misses you.
The jackal bites you but does no damage.
The jackal bites you. The ooze hits you but does no damage.
You barely miss Ijyb.
Ijyb is heavily wounded.
Ijyb hits you but does no damage.
You are electrocuted!!
Ouch! That really hurt!
You die...

.. ... #...... #.# ###
#..... #.# #..
######.... .. #.# #..
.....#... ##.####.###..
....g. ............
####.#J#####..###.##...
.....g@.......###.##...
.....hh##.##...##.##...
........._...#.##.##รท..
........#.#.......##.##
.......##.##.##.####.#
.............##.# #.#
######.########.. ...
#.# ##.. ... #. .......


You could see Ijyb, an ooze, 2 jackals and a hobgoblin.

Vanquished Creatures
  An ooze (D:3)
  3 worms (D:2)
  A dart slug (D:1)
  An orc (D:2)
  5 bats
  3 giant cockroaches (D:1)
  7 goblins
  7 hobgoblins
  8 jackals (D:2)
  11 kobolds
  3 quokkas
  2 ball pythons
  3 frilled lizards
  4 rats
59 creatures vanquished.

Notes
Turn   | Place    | Note
-------+----------+-------------------------------------------
     0 | D:1      | Gumption the Dusk Walker Archaeologist began the quest for
                  | the Orb.
     0 | D:1      | Reached XP level 1. HP: 13/13 MP: 1/1
   168 | D:1      | Reached skill level 5 in Stealth
   220 | D:1      | Reached XP level 2. HP: 18/18 MP: 2/2
   910 | D:1      | Reached XP level 3. HP: 24/24 MP: 3/3
  1069 | D:2      | Reached skill level 1 in Armour
  1291 | D:2      | Reached skill level 6 in Stealth
  1377 | D:2      | Noticed Sigmund
  1506 | D:2      | Found an ornate altar of the Wu Jian Council.
  1508 | D:2      | Found a burning altar of Makhleb.
  1840 | D:2      | Gained mutation: You are slightly more attuned to the
                  | shadows. [Dusk Walker growth]
  1840 | D:2      | Reached XP level 4. HP: 30/30 MP: 4/4
  2337 | D:3      | Found a hide-covered altar of Uskayaw.
  2348 | D:3      | Noticed Ijyb
  2360 | D:3      | Slain by Ijyb

Skill      XL: |  1  2  3 |
---------------+----------+-----
Stealth        | 5 6 |  6.3
Fighting       | 2 |  2.6
Armour         | 2 |  2.8
Dodging        | |  3.0

Action                   |  1- 3 |  4- 6 || total
-------------------------+-------+-------++-------
Melee: Unarmed           |    17 |       ||    17
       Dagger            |   166 |    30 ||   196
       Bite              |     8 |     2 ||    10
  Use: Scroll            |     1 |     1 ||     2
 Stab: Sleeping          |    14 |     1 ||    15
       Distracted        |       |     1 ||     1
  Eat: Chunk             |     3 |     2 ||     5
Armor: Robe              |    50 |       ||    50
       Ring mail         |       |    21 ||    21
Dodge: Dodged            |   103 |    27 ||   130
